AoeStats
← Velmont

Glade

510552879Analyzed
1v1 RM · 14h ago on Oct 1, 2026· 30m 40s· 2 players
Game mode
Random Map
Map size
Tiny (2 player)
Population
200
Speed
Normal
Resources
Standard
Victory
Conquest
Starting age
Dark Age
Ending age
Imperial Age
RankedLock teamsTeams togetherTeam positionsShared explorationLock speedFull tech treeHidden civsTurbo modeCheats
Victory
Defeat
🇮🇳 Cumans · India
1171
+16
🇦🇷 Spanish · Argentina
1163
-16
RichardTexTex
9:04 Loom
10:53 Feudal Age
16:22 Castle Age
18:58 Double-Bit Axe
18:55 Horse Collar
24:25 Bow Saw
25:34 Scale Barding Armor
28:59 Chain Barding Armor
Velmont
1:35 Loom
11:29 Feudal Age
11:17 Loom
12:08 Loom
15:39 Castle Age
13:38 Double-Bit Axe
13:34 Horse Collar
15:04 Fletching
16:48 Bow Saw
22:04 Bodkin Arrow
28:21 Padded Archer Armor
30:26 Capped Ram
Connection lost

Rejoining the realm…

Still unreachable

The connection could not be restored.

Session expired

The server has moved on; the page needs a fresh start.